 Dungeon Crawl Stone Soup version 0.31-a0-801-gc67433417a (webtiles) character file.

Game seed: 10403972978274726362

363 Essalna the Conjurer (level 6, 41/41 HPs)
             Began as a Demonspawn Conjurer on Sept 20, 2023.
             Got out of the dungeon alive.
             The game lasted 00:04:51 (2578 turns).

Essalna the Conjurer (Demonspawn Conjurer)          Turns: 2578, Time: 00:04:52

Health: 41/41      AC:  2    Str:  7    XL:     6   Next: 39%
Magic:  12/12      EV: 12    Int: 21    God:
Gold:   97         SH:  0    Dex: 12    Spells: 13/14 levels left

rFire   . . .        g - +1 dagger (drain)
rCold   . . .        (no shield)
rNeg    . . .        a - +0 robe
rPois   .            (no helmet)
rElec   .            (no cloak)
rCorr   .            (no gloves)
SInv    .            (no boots)
Will    .....        (no amulet)
Stlth   ++           (no ring)
HPRegen 0.26/turn    (no ring)
MPRegen 0.13/turn

%: no passive effects
@: no status effects
A: powered by pain 1, spiny 2
a: no special abilities


You escaped.
You visited 1 branch of the dungeon, and saw 4 of its levels.

You collected 97 gold pieces.

Inventory:

Hand Weapons
 c - a +0 dagger
 g - a +1 dagger of draining (weapon)
Missiles
 d - 2 atropa-tipped darts
Armour
 a - a +0 robe (worn)
Scrolls
 e - 3 scrolls of identify
 h - a scroll of amnesia
 i - a scroll of teleportation {unknown}
 j - 2 scrolls of enchant armour {unknown}
 l - a scroll of vulnerability {unknown}
 o - a scroll of summoning {unknown}
Potions
 b - a potion of magic
 f - 3 potions of curing {unknown}
 k - 2 potions of heal wounds {unknown}
 m - a potion of lignification {unknown}
 n - a potion of ambrosia {unknown}
 p - 2 potions of attraction {unknown}


   Skills:
 - Level 1.7 Dodging
 - Level 1.7 Stealth
 + Level 4.6 Spellcasting
 + Level 6.1 Conjurations


You had 13 spell levels left.
You knew the following spells:

 Your Spells              Type           Power      Damage    Failure   Level
a - Magic Dart            Conj           100%       1d8       1%          1

Your spell library contained the following spells:

 Spells                   Type           Power      Damage    Failure   Level
 Searing Ray              Conj           60%        2d6       1%          2
 Dazzling Flash           Conj/Hex       34%        N/A       10%         3
 Fulminant Prism          Conj/Hex       8%         3d7       30%         4
 Iskenderun's Mystic Bla  Conj/Tloc      17%        2d5       30%         4


Dungeon Overview and Level Annotations

Branches:
Dungeon (4/15)
 Temple: D:4-7

Altars:
Ru
Uskayaw

Shops:
D:1 [


Innate Abilities, Weirdness & Mutations

You sometimes gain a little power by taking damage.
You are mostly covered in sharp spines.


Message History

The giant cockroach is struck by your spines.
The giant cockroach misses you. The bat is struck by your spines.
You kill the bat!
The giant cockroach splashes around in the water.
The giant cockroach bites you but does no damage.
The giant cockroach is struck by your spines.
You kill the giant cockroach!
The worm completely misses you. The worm is struck by your spines.
The worm bites you. The worm is struck by your spines.
The worm closely misses you. The worm is struck by your spines.
The worm bites you. The worm misses you. The worm is struck by your spines.
The worm closely misses you. The worm bites you. The worm bites you.
The worm bites you. The worm bites you. The worm bites you.
The worm is struck by your spines.
You kill the worm!
There is an escape hatch in the ceiling here.
A mysterious force pulls you upwards. The hatch slams shut behind you.
Found a cloak.
A frilled lizard is nearby!
A ball python comes into view.
Found a scroll labelled HUEJEI ZEGI.
The ball python hisses angrily.
You hit the ball python. You drain the ball python.
You kill the ball python!
Found an escape hatch in the floor.
j - 2 scrolls labelled HUEJEI ZEGI (gained 1)
Found a small iron ring.
There is a stone staircase leading up here.
You climb upwards.
There is a stone staircase leading down here.
HP restored.
There is an open door here.
There is a staircase leading out of the dungeon here.
You have escaped!

.# ##########.## #..# .#
#..........# #..### .#
#.8..≈≈≈≈..# #....# .#
#..........# #.##.# .#
###############.########.##.#
#####.....∩..######'#####....##.#
...##.#########........########.#
##.##.# #........# #.#
#.##.#########.@......# #.#
##.#.........##........# #.#
##.#..#########........# #.#
##.#..# ########## #.# ##.#..#
### ###############.#
##.#..#######.# #.##............#
##............# #.##.############
####..#######.###.##.# ......#
##...###.#


There were no monsters in sight!

Vanquished Creatures
  An ogre (D:4)
  A water moccasin skeleton (D:4)
  A hound (D:3)
  An iguana (D:4)
  2 hound zombies (D:4)
  A hound skeleton (D:4)
  2 howler monkey zombies (D:4)
  4 adders
  An adder skeleton (D:4)
  2 worms
  2 dart slugs
  An orc (D:4)
  2 ball pythons
  5 endoplasms
  6 giant cockroaches
  4 goblins
  4 hobgoblins
  10 jackals
  3 quokkas
  2 bats (D:3)
  2 frilled lizards
  9 kobolds
  A quokka skeleton (D:4)
  2 rats (D:1)
69 creatures vanquished.

Notes
Turn   | Place    | Note
-------+----------+-------------------------------------------
     0 | D:1      | Essalna the Demonspawn Conjurer began the quest for the
                  | Orb.
     0 | D:1      | Reached XP level 1. HP: 13/13 MP: 3/3
   178 | D:1      | Gained mutation: You are partially covered in sharp spines.
                  | [demonic ancestry]
   178 | D:1      | Reached XP level 2. HP: 10/19 MP: 3/5
   702 | D:1      | Reached XP level 3. HP: 24/24 MP: 5/7
  1076 | D:1      | Found Gimny's Armour Emporium.
  1358 | D:2      | Found a sacrificial altar of Ru.
  1537 | D:3      | Gained mutation: You are mostly covered in sharp spines.
                  | [demonic ancestry]
  1537 | D:3      | Reached XP level 4. HP: 30/30 MP: 3/8
  1590 | D:3      | Reached skill level 5 in Conjurations
  1960 | D:4      | Noticed a +0 dagger
  1960 | D:4      | Noticed a +0 dagger
  1960 | D:4      | Found a hide-covered altar of Uskayaw.
  2046 | D:4      | Reached XP level 5. HP: 17/35 MP: 10/10
  2389 | D:4      | Noticed an ogre
  2395 | D:4      | Killed an ogre
  2396 | D:4      | Reached skill level 6 in Conjurations
  2396 | D:4      | Gained mutation: You sometimes gain a little power by
                  | taking damage. [demonic ancestry]
  2396 | D:4      | Reached XP level 6. HP: 41/41 MP: 7/12
  2578 | D:$      | Got out of the dungeon alive.

Illustrated notes

Levels and vault maps discovered:
D:1:      dpeg_arrival_rooms_c, layout_loops_ring, serial_shops, shop
D:2:      layout_basic, basic_altar, uniq_terence
D:3:      layout_loops_corners, mainiacjoe_overflow_paths,
          grunt_decor_mini_mirrors, serial_park_tiny_pond,
          chequers_serial_rivers_micro_e, kennysheep_generic_room_13
D:4:      minmay_chambers_of_twos, layout_basic, lemuel_tele_altar,
          dancing_weapons_uskayaw, serial_undead, serial_undead_c,
          serial_undead_e, serial_undead_c, serial_undead_b, serial_undead_e,
          serial_undead_a, uniq_blork_the_orc

Skill      XL: |  1  2  3  4  5 |
---------------+----------------+-----
Spellcasting   | 3 4 |  4.6
Conjurations   | 5 6 |  6.1
Dodging        | |  1.7
Stealth        | |  1.7

Action                     |  1- 3 |  4- 6 || total
---------------------------+-------+-------++-------
  Melee: Dagger            |    36 |    46 ||    82
         Punch             |       |     1 ||     1
   Cast: Magic Dart        |    72 |     9 ||    81
    Use: Scroll            |       |     1 ||     1
   Stab: Sleeping          |       |     2 ||     2
 Armour: Robe              |    24 |    45 ||    69
  Dodge: Dodged            |    30 |    33 ||    63

Table legend: (Time is in decaauts)
 A = Elapsed time spent in this place.
 B = Non-inter-level travel time spent in this place.
 C = Inter-level travel time spent in this place.
 D = Time resting spent in this place.
 E = Time spent auto-exploring this place.
 F = Levels seen in this place.
 G = Mean time per level.
                   A        B        C        D        E       F      G
               +--------+--------+--------+--------+--------+-----+--------+
         Total |   2576 |   2407 |    169 |      0 |   1945 |   4 |  644.0 |
       Dungeon |   2576 |   2407 |    169 |      0 |   1945 |   4 |  644.0 |
               +--------+--------+--------+--------+--------+-----+--------+

Top non-repeatable levels by time:
     D:1: 1190 daAuts
     D:3: 491 daAuts
     D:4: 453 daAuts
     D:2: 440 daAuts
